 Dungeon Sprint DCSS version 0.19.5 (webtiles) character file.

1011 dwjmeijer the Unseen (level 8, -22/36 HPs)
             Began as a Spriggan Enchanter on May 4, 2017.
             Was the Champion of Zin.
             Killed by an exploding ballistomycete spore (34 damage)
             ... in the Dungeon (Sprint I: "Red Sonja").
             The game lasted 00:01:40 (461 turns).

dwjmeijer the Unseen (Spriggan Enchanter)            Turns: 461, Time: 00:01:41

Health: -22/36     AC:  3    Str:  4    XL:     8   Next: 1%
Magic:  22/22      EV: 18    Int: 18    God:    Zin [******]
Gold:   384        SH:  0    Dex: 17    Spells: 5 memorised, 13 levels left

rFire  . . .     SeeInvis +     a - +1 dagger
rCold  . . .     Gourm    .     b - +1 robe
rNeg   . . .     Faith    .     (shield restricted)
rPois  .         Spirit   .     (helmet restricted)
rElec  .         Reflect  .     (no cloak)
rCorr  .         Harm     .     (gloves unavailable)
MR     +....     NoTele   +     (boots unavailable)
Stlth  ++........               (no amulet)
                                (no ring)
                                (no ring)

@: confused, very quick
A: unfitting armour, see invisible, herbivore 3, speed 3, slow metabolism 2
a: Recite, Vitalisation, Imprison, Sanctuary, Donate Gold, Cure All Mutations,
Renounce Religion


You were in the Dungeon.
You worshipped Zin.
Zin was exalted by your worship.
You were not hungry.

You visited 1 branch You collected 405 gold pieces.
You donated 21 gold pieces to Zin.

Inventory:

Hand Weapons
 a - a +1 dagger (weapon)
Armour
 b - a +1 robe (worn)
Scrolls
 j - a scroll of blinking
Potions
 e - 2 potions of curing
 f - a potion of heal wounds
 g - a potion of haste
 h - 2 potions of magic
 i - a potion of berserk rage
Books
 c - a book of Maledictions

   Spells                             Type                      Level
   a - Corona                         Hexes                        1
   b - Ensorcelled Hibernation        Hexes/Ice                    2
   c - Confuse                        Hexes                        3
   d - Tukima's Dance                 Hexes                        3
   e - Dazzling Spray                 Conjuration/Hexes            3
Comestibles
 d - a bread ration


   Skills:
 - Level 1.1 Short Blades
 - Level 3.0 Dodging
 + Level 15.3 Stealth
 - Level 9.0 Spellcasting
 * Level 14.5 Hexes


You had 13 spell levels left.
You knew the following spells:

 Your Spells              Type           Power        Failure   Level  Hunger
a - Corona                Hex            ######.      1%          1    None
b - Ensorcelled Hibernat  Hex/Ice        ####..       1%          2    None
c - Confuse               Hex            ######..     1%          3    None
d - Dazzling Spray        Conj/Hex       ####..       1%          3    None
e - Tukima's Dance        Hex            ######..     1%          3    None


Dungeon Overview and Level Annotations

Branches:
Dungeon (1/1)

Altars:
Cheibriados
Dithmenos
Elyvilon
Fedhas
Gozag
Hepliaklqana
Kikubaaqudgha
Nemelex Xobeh
Okawaru
Qazlal
Ru
Sif Muna
Trog
Uskayaw
Vehumet
Yredelemnul
Zin
The Shining One

Shops:
D *


Innate Abilities, Weirdness & Mutations

You are very small and have problems with some larger weapons.
You are too small for most types of armour.
You have supernaturally acute eyesight. (SInv)
You are a herbivore.
You cover ground extremely quickly.
You need consume almost no food.


Message History

an uncursed dagger of draining; an uncursed blowgun; 8 curare-tipped needles the kobold corpse of Sonja You now have 357 gold pieces (gained 27).
You now have 384 gold pieces (gained 27).
Items here: ( )) † an uncursed dagger of draining; an uncursed blowgun; 8 curare-tipped needles the kobold corpse of Sonja You open the door. 2 ballistomycete spores come into view.
The ballistomycete spore waves its rhizomes.
The ballistomycete spore explodes!
The explosion of spores engulfs you!
You are confused.
Ouch! That really hurt!
The explosion of spores engulfs the ballistomycete spore.
The ballistomycete spore explodes!
The explosion of spores engulfs you!
You are more confused.
Ouch! That really hurt!
You die...

#..#__####..##)#
#..#_____##'#..+
#⌠⌠#_.∩...'..._#
####_..__##_.#'#
#_____###'#(#
#########.###
+...+ #.).#
##@## #'# !$!


$?$($ ####### There were no monsters in sight!

Vanquished Creatures
  Sonja (D)
  Sigmund (D)
  A yak (D)
  An ogre (D)
  A jelly (D)
  Ijyb (D)
6 creatures vanquished.

Notes
Turn   | Place    | Note
-------+----------+-------------------------------------------
     0 | D        | dwjmeijer the Spriggan Enchanter began the quest for the Orb.
     0 | D        | Reached XP level 1. HP: 9/9 MP: 5/5
     2 | D        | Noticed Ijyb
    44 | D        | Killed Ijyb
    44 | D        | Reached skill level 6 in Stealth
    44 | D        | Reached skill level 5 in Hexes
    44 | D        | Reached XP level 2. HP: 1/13 MP: 5/8
   327 | D        | Learned a level 2 spell: Ensorcelled Hibernation
   328 | D        | Noticed an ogre
   330 | D        | Killed an ogre
   330 | D        | Reached skill level 9 in Stealth
   330 | D        | Reached XP level 3. HP: 16/16 MP: 7/12
   330 | D        | Reached XP level 4. HP: 21/21 MP: 7/13
   346 | D        | Learned a level 3 spell: Confuse
   350 | D        | Learned a level 3 spell: Dazzling Spray
   354 | D        | Learned a level 3 spell: Tukima's Dance
   379 | D        | Noticed Sigmund
   381 | D        | Killed Sigmund
   381 | D        | Reached skill level 11 in Stealth
   381 | D        | Reached XP level 5. HP: 24/24 MP: 13/17
   381 | D        | Reached XP level 6. HP: 28/28 MP: 14/19
   394 | D        | Found a deep blue altar of Sif Muna.
   396 | D        | Found a radiant altar of Vehumet.
   400 | D        | Reached skill level 12 in Stealth
   411 | D        | Found Itaz's General Store.
   411 | D        | Found an ancient bone altar of Kikubaaqudgha.
   411 | D        | Found a hazy altar of Hepliaklqana.
   411 | D        | Found a stormy altar of Qazlal.
   411 | D        | Found a hide-covered altar of Uskayaw.
   411 | D        | Found a blossoming altar of Fedhas.
   411 | D        | Found a bloodstained altar of Trog.
   411 | D        | Found an iron altar of Okawaru.
   411 | D        | Found a basalt altar of Yredelemnul.
   411 | D        | Found a glowing golden altar of the Shining One.
   411 | D        | Found a snail-covered altar of Cheibriados.
   411 | D        | Found a sacrificial altar of Ru.
   411 | D        | Found a glowing silver altar of Zin.
   411 | D        | Found a shadowy altar of Dithmenos.
   411 | D        | Found a white marble altar of Elyvilon.
   411 | D        | Noticed a yak
   412 | D        | Found an opulent altar of Gozag.
   413 | D        | Killed a yak
   413 | D        | Reached skill level 13 in Stealth
   414 | D        | Found a sparkling altar of Nemelex Xobeh.
   420 | D        | Became a worshipper of Zin the Law-Giver
   420 | D        | Reached * piety under Zin
   420 | D        | Reached ** piety under Zin
   420 | D        | Reached *** piety under Zin
   420 | D        | Reached **** piety under Zin
   420 | D        | Reached ***** piety under Zin
   420 | D        | Reached ****** piety under Zin
   443 | D        | Noticed Sonja
   447 | D        | Killed Sonja
   447 | D        | Reached skill level 15 in Stealth
   447 | D        | Reached XP level 7. HP: 32/32 MP: 20/20
   447 | D        | Reached XP level 8. HP: 36/36 MP: 22/22
   461 | D        | Killed by an exploding ballistomycete spore

Skill      XL: |  1  2  3  4  5  6 |
---------------+-------------------+-----
Stealth        | 6 9 11 15 | 15.3
Spellcasting   | 4 6 9 |  9.0
Hexes          | 5 7 9 14 | 14.5
Short Blades   | |  1.1
Dodging        | |  3.0

Action                   |  1- 3 |  4- 6 |  7- 9 || total
-------------------------+-------+-------+-------++-------
Melee: Dagger            |    42 |     4 |       ||    46
 Cast: Ensorcelled Hiber |     1 |       |       ||     1
 Stab: Sleeping          |     2 |     4 |       ||     6
Armor: Robe              |     2 |       |       ||     2
Dodge: Dodged            |    27 |       |       ||    27
